 Dungeon Crawl Stone Soup version 0.27-a0-1200-g94dc6ad4cf (webtiles) character file.

Game seed: 14387368646814965747

905 polve the Slasher (level 7, 0/52 HPs)
             Began as a Demonspawn Berserker on June 1, 2021.
             Was a Believer of Trog.
             Killed by vampiric draining
             ... invoked by a vampire
              (6 damage)
             ... on level 5 of the Dungeon.
             The game lasted 00:03:18 (4753 turns).

polve the Slasher (Demonspawn Berserker)            Turns: 4753, Time: 00:03:18

Health: 0/52       AC: 13    Str: 20    XL:     7   Next: 80%
Magic:  7/7        EV: 10    Int:  8    God:    Trog [**....]
Gold:   204        SH:  5    Dex: 12    Spells: 6/6 levels left

rFire    . . .     SeeInvis .   m - +0 long sword
rCold    . . .     Faith    .   l - +0 buckler
rNeg     . . .     Spirit   .   n - +0 plate armour
rPois    .         Reflect  .   j - +0 helmet
rElec    .         Harm     .   (no cloak)
rCorr    .         Rampage  .   (no gloves)
Will     +....                  (no boots)
Stlth    ..........             (no amulet)
HPRegen  0.17/turn              p - +4 ring of evasion
MPRegen  0.10/turn              r - ring of willpower

@: on berserk cooldown, slowed, very slow
A: talons 1, thin metallic scales 1, powered by death 1
a: Renounce Religion, Berserk, Trog's Hand


You were on level 5 of the Dungeon.
You worshipped Trog.
Trog was pleased with you.
You visited 1 branch of the dungeon, and saw 5 of its levels.

You collected 204 gold pieces.

Inventory:

Hand Weapons
 a - a +0 falchion
 m - a +0 long sword (weapon)
Armour
 b - a +0 animal skin
 g - a +0 leather armour
 j - a +0 helmet (worn)
 l - a +0 buckler (worn)
 n - a +0 plate armour (worn)
Jewellery
 p - a +4 ring of evasion (left hand)
 r - a ring of willpower (right hand)
 s - an amulet of regeneration
Scrolls
 c - 4 scrolls of teleportation {unknown}
 d - 2 scrolls of noise {unknown}
 e - 4 scrolls of fear {unknown}
 f - 3 scrolls of immolation {unknown}
 h - 4 scrolls of identify {unknown}
 i - 2 scrolls of vulnerability {unknown}
 o - 2 scrolls of amnesia {unknown}
 u - a scroll of torment {unknown}
Potions
 k - a potion of heal wounds {unknown}
 q - a potion of might {unknown}
 t - a potion of berserk rage {unknown}


   Skills:
 - Level 3.0 Fighting
 + Level 7.5 Long Blades
 - Level 1.7 Armour
 - Level 1.7 Dodging
 - Level 4.0 Shields


You had 6 spell levels left.
You didn't know any spells.
Your spell library was empty.

Dungeon Overview and Level Annotations

Branches:
Dungeon (5/15)             Temple (0/1) D:5

Altars:
Okawaru
Sif Muna
Uskayaw
Xom


Innate Abilities, Weirdness & Mutations

You have sharp toenails.
You are partially covered in thin metallic scales. (AC +2)
You regenerate a little health from kills.


Message History

The vampire hits you but does no damage.
The vampire bites you!
The vampire draws strength from your injuries!
The orc hits you but does no damage.
A bullfrog skeleton comes into view.
The bullfrog zombie closely misses you.
The vampire hits you but does no damage.
The vampire closely misses you. The orc barely misses you.
You barely miss the vampire.
The vampire is heavily damaged.
A wyvern comes into view.
The bullfrog zombie hits you but does no damage.
The vampire draws life force from you.
The vampire is healed by the life force!
The bullfrog zombie hits you but does no damage.
The orc barely misses you.
The vampire hits you but does no damage.
The vampire completely misses you.
You hit the vampire.
The vampire is heavily damaged.
The bullfrog zombie hits you but does no damage.
The orc hits you but does no damage.
An iguana comes into view.
You block the vampire's attack. The vampire barely misses you.
The orc hits you with a +0 hand axe.
The iguana hisses angrily.
You slash the vampire! You claw the vampire.
The vampire is almost destroyed.
You block the hound's attack. The vampire barely misses you.
You block the vampire's attack. The hound bites you but does no damage.
The orc closely misses you. The vampire draws life force from you!
* * * LOW HITPOINT WARNING * * *
The vampire is healed by the life force!
The hound completely misses you.
You riposte.
You barely miss the hound. Your kick misses the hound.
An orc comes into view. It is wielding a +0 dagger.
The orc shouts!
The hound misses you. The orc hits you but does no damage.
The hound bites you but does no damage. The vampire draws life force from you.
You die...

..# #.# #. #.. #.####.#
## #.# #..##..###### #
##.# #..##.##.....
##<###..####..##.#..###.
..............##...# #.
#........)#....### #.
#.......)......# .
#.[..@o.))...###
#....hV......#
#..####Zl###..# #. #Z.#
#..# #.l. #..# ##..##...
#..o#...# #.#.. ....#.


You could see a vampire, a wyvern, an iguana, a hound, 2 orcs, a bullfrog zombie
and a bullfrog skeleton.

Vanquished Creatures
  Menkaure (D:5)
  The ghost of Lanoc the Grasshopper, an amateur OpWr of Elyvilon (D:3)
  An ice beast (D:5)
  A phantom (D:4)
  A bullfrog zombie (D:3)
  4 orc priests
  5 iguanas
  3 orc wizards
  A howler monkey zombie (D:5)
  Robin (D:2)
  3 adders
  2 adder skeletons (D:4)
  10 orcs
  5 bats
  5 endoplasms
  2 giant cockroaches
  9 hobgoblins
  8 jackals
  6 kobolds
  3 quokkas
  3 ball pythons
  2 frilled lizards
  10 goblins (D:2)
  3 rats
90 creatures vanquished.

Notes
Turn   | Place    | Note
-------+----------+-------------------------------------------
     0 | D:1      | polve the Demonspawn Berserker began the quest for the Orb.
     0 | D:1      | Reached XP level 1. HP: 18/18 MP: 1/1
   192 | D:1      | Reached skill level 3 in Long Blades
   360 | D:1      | Gained mutation: You have sharp toenails. [demonic
                  | ancestry]
   360 | D:1      | Reached XP level 2. HP: 23/24 MP: 2/2
  1232 | D:2      | Noticed Robin
  1234 | D:2      | Reached skill level 4 in Long Blades
  1234 | D:2      | Reached XP level 3. HP: 27/28 MP: 3/3
  1250 | D:2      | Reached ** piety under Trog
  1259 | D:2      | Killed Robin
  1416 | D:2      | HP: 1/29 [worm (8)]
  1840 | D:2      | Reached XP level 4. HP: 32/35 MP: 4/4
  2465 | D:3      | Found a runed translucent gate.
  2465 | D:3      | Found a runed translucent gate.
  2465 | D:3      | Found a runed translucent gate.
  2466 | D:3      | Noticed Lanoc's ghost (amateur OpWr)
  2478 | D:3      | Killed Lanoc's ghost
  2479 | D:3      | Reached skill level 5 in Long Blades
  2479 | D:3      | Gained mutation: You are partially covered in thin metallic
                  | scales. (AC +2) [demonic ancestry]
  2479 | D:3      | Reached XP level 5. HP: 39/41 MP: 5/5
  3207 | D:4      | Reached XP level 6. HP: 47/47 MP: 6/6
  3853 | D:4      | Found a hide-covered altar of Uskayaw.
  3853 | D:4      | Found a shimmering altar of Xom.
  3914 | D:4      | Reached skill level 6 in Long Blades
  4322 | D:4      | Found an iron altar of Okawaru.
  4335 | D:4      | Found a shimmering blue altar of Sif Muna.
  4424 | D:4      | Gained mutation: You regenerate a little health from kills.
                  | [demonic ancestry]
  4424 | D:4      | Reached XP level 7. HP: 52/52 MP: 7/7
  4522 | D:5      | Entered Level 5 of the Dungeon
  4530 | D:5      | Found a staircase to the Ecumenical Temple.
  4740 | D:5      | Reached skill level 7 in Long Blades
  4740 | D:5      | Noticed Menkaure
  4742 | D:5      | Noticed a vampire
  4744 | D:5      | Killed Menkaure
  4749 | D:5      | Noticed a wyvern
  4753 | D:5      | Killed from afar by a vampire

Illustrated notes

Levels and vault maps discovered:
D:1:      dpeg_arrival_shelter, layout_loops_ring
D:2:      layout_basic, uniq_robin
D:3:      layout_basic, ebering_ghost_rock_garden
D:4:      layout_loops_corners, amethyst_overflow_temple_binary,
          gammafunk_temple_overflow_statue, minmay_misc_feat_nine_boxes,
          chequers_serial_rivers_marsh
D:5:      layout_rooms, minmay_temple_entry_offerings, minmay_manual_monolith,
          uniq_menkaure, uniq_sigmund, uniq_crazy_yiuf_cottage

Skill      XL: |  1  2  3  4  5  6  7 |
---------------+----------------------+-----
Long Blades    | 3 4 5 6 7 |  7.5
Shields        | 2 3 4 |  4.0
Fighting       | |  3.0
Armour         | |  1.7
Dodging        | |  1.7

Action                   |  1- 3 |  4- 6 |  7- 9 || total
-------------------------+-------+-------+-------++-------
Melee: Falchion          |    93 |       |       ||    93
       Kick              |    17 |    41 |    19 ||    77
       Long sword        |       |   119 |    49 ||   168
Invok: Berserk           |     1 |     3 |     1 ||     5
Armor: Animal skin       |     1 |       |       ||     1
       Leather armour    |    20 |     7 |       ||    27
       Plate armour      |       |    30 |    44 ||    74
Dodge: Dodged            |    54 |    54 |    28 ||   136
Block: Buckler           |       |    17 |    14 ||    31
       Rpst.: Falchion   |    15 |       |       ||    15
       Long sword        |       |    20 |     7 ||    27

Table legend: (Time is in decaauts)
 A = Elapsed time spent in this place.
 B = Non-inter-level travel time spent in this place.
 C = Inter-level travel time spent in this place.
 D = Time resting spent in this place.
 E = Time spent auto-exploring this place.
 F = Levels seen in this place.
 G = Mean time per level.
                   A        B        C        D        E       F      G
               +--------+--------+--------+--------+--------+-----+--------+
         Total |   4823 |   4684 |    139 |      5 |   4059 |   5 |  964.6 |
       Dungeon |   4823 |   4684 |    139 |      5 |   4059 |   5 |  964.6 |
               +--------+--------+--------+--------+--------+-----+--------+

Top non-repeatable levels by time:
     D:4: 1356 daAuts
     D:2: 1348 daAuts
     D:1: 1019 daAuts
     D:3: 866 daAuts
     D:5: 233 daAuts
